 Dungeon Crawl Stone Soup version 0.28.0-43-g3370ac3207 (console) character file.

Game seed: 16359610279159958036

369 Zeor the Slasher (level 6, -1/76 HPs)
             Began as a Palentonga Berserker on Mar 31, 2022.
             Was a Priest of Trog.
             Succumbed to a scorpion's poison
             ... on level 5 of the Dungeon on Apr 1, 2022.
             The game lasted 00:12:06 (4163 turns).

Zeor the Slasher (Palentonga Berserker)             Turns: 4163, Time: 00:12:07

Health: -1/76      AC:  8    Str: 22    XL:     6   Next: 41%
Magic:  6/6        EV:  6    Int:  7    God:    Trog [***...]
Gold:   182        SH:  0    Dex: 10    Spells: 5/5 levels left

rFire   . . .      SeeInvis +   a - +0 long sword
rCold   . . .      Faith    .   (no shield)
rNeg    . . .      Spirit   .   c - +1 chain mail
rPois   .          Reflect  .   (no helmet)
rElec   .          Harm     .   (no cloak)
rCorr   .          Rampage  .   (no gloves)
Will    .....                   (no barding)
Stlth   ..........              (no amulet)
HPRegen 0.22/turn               (no ring)
MPRegen 0.10/turn               (no ring)

@: berserking, lethally poisoned (-1 -> -15), very quick
A: large, rugged brown scales 3, see invisible, deformed body, roll 1, armoured
tail
a: Rolling Charge, Renounce Religion, Berserk, Trog's Hand


You were on level 5 of the Dungeon.
You worshipped Trog.
Trog was most pleased with you.
You visited 1 branch of the dungeon, and saw 5 of its levels.

You collected 182 gold pieces.

Inventory:

Hand Weapons
 a - a +0 long sword (weapon)
 g - a +3 whip of venom
 j - a +0 falchion
 l - a +0 falchion
 r - a +0 long sword
Missiles
 b - 68 arrows
 e - 3 javelins
Armour
 c - a +1 chain mail (worn)
Wands
 n - a wand of mindburst (23)
 s - a wand of digging (3)
Scrolls
 d - 3 scrolls of fear
 f - a scroll of immolation
 h - a scroll of vulnerability
 k - a scroll of teleportation
Potions
 i - a potion of curing
 m - a potion of might
 o - a potion of lignification
 p - a potion of berserk rage
 q - 2 potions of attraction {unknown}


   Skills:
 + Level 3.8 Fighting
 * Level 5.9 Long Blades
 + Level 2.7 Armour
 + Level 1.8 Dodging
 + Level 0.9 Stealth


You had 5 spell levels left.
You didn't know any spells.
Your spell library was empty.

Dungeon Overview and Level Annotations

Branches:
Dungeon (5/15)
 Temple: D:4-7

Altars:
Dithmenos
Hepliaklqana
Nemelex Xobeh


Innate Abilities, Weirdness & Mutations

You are completely covered in rugged brown scales. (AC +3, +7% HP)
You have supernaturally acute eyesight. (SInv)
Armour fits poorly on your strangely shaped body.
You can roll at nearby foes to attack.
You have a long armoured tail.


Message History

The scorpion is lightly wounded.
The scorpion stings you.
You are poisoned.
The scorpion poisons you!
You closely miss the scorpion.
The scorpion is lightly wounded.
You feel sick. The scorpion stings you.
You closely miss the scorpion.
Your tail-slap misses the scorpion.
The scorpion is lightly wounded.
You feel sick. The scorpion stings you. x2
* * * LOW HITPOINT WARNING * * *
You are lethally poisoned!
The scorpion poisons you!
You are too injured to fight recklessly!
You barely miss the scorpion.
The scorpion is lightly wounded.
* * * LOW HITPOINT WARNING * * *
You feel very sick. The scorpion stings you.
* * * LOW HITPOINT WARNING * * *
You feel better. The scorpion stings you.
* * * LOW HITPOINT WARNING * * *
You are lethally poisoned!
The scorpion poisons you!
A red film seems to cover your vision as you go berserk!
You feel yourself moving faster!
You feel mighty!
You feel very sick. The scorpion stings you.
* * * LOW HITPOINT WARNING * * *
You are lethally poisoned!
The scorpion poisons you!
You slash the scorpion!
The scorpion is severely wounded.
* * * LOW HITPOINT WARNING * * *
You feel sick. The scorpion stings you.
* * * LOW HITPOINT WARNING * * *
You slash the scorpion!
You kill the scorpion!
Trog accepts your kill.
You die...

▒∙∙∙∙∙∙∙∙∙▒
▒∙▒▒▒▒▒▒∙∙▒▒∙▒▒▒∙▒
▒∙∙∙∙∙∙∙∙∙∙∙∙▒
▒▒▒▒▒▒▒▒∙∙∙∙▒▒
▒∙∙∙∙▒ ▒∙∙∙∙▒
▒▒▒▒▒▒▒∙∙∙∙▒
▒∙∙∙∙∙∙∙∙∙∙▒▒▒▒▒▒▒
▒∙∙∙∙∙∙∙∙∙Z†H∙∙∙∙▒
▒∙∙∙∙∙∙∙∙∙▒▒▒▒▒▒∙▒
▒∙∙∙∙∙∙∙∙∙∙∙∙∙
▒∙∙∙∙∙∙∙∙▒▒▒▒▒
▒∙∙∙∙∙∙∙∙▒
▒∙∙∙∙∙∙∙∙∙∙▒▒
▒∙∙∙∙!∙∙∙∙∙∙∙∙
▒∙∙∙∙∙∙∙∙∙▒▒▒▒
▒∙(∙∙∙∙∙∙∙∙∙


You could see a wyvern zombie.

Vanquished Creatures
  A black bear (D:3)
  A scorpion (D:5)
  A water moccasin skeleton (D:4)
  A howler monkey (D:4)
  An orc priest (D:3)
  7 adders
  An ufetubus (D:4)
  An adder skeleton (D:4)
  2 worms
  3 orcs (D:3)
  8 endoplasms
  4 giant cockroaches
  8 goblins
  10 hobgoblins
  5 jackals
  5 quokkas
  3 ball pythons
  8 bats
  A frilled lizard (D:3)
  9 kobolds
  4 rats
84 creatures vanquished.

Vanquished Creatures (others)
  75 plants (D:1)
75 creatures vanquished.

Grand Total: 159 creatures vanquished

Notes
Turn   | Place    | Note
-------+----------+-------------------------------------------
     0 | D:1      | Zeor the Palentonga Berserker began the quest for the Orb.
     0 | D:1      | Reached XP level 1. HP: 19/19 MP: 1/1
   192 | D:1      | Reached XP level 2. HP: 16/25 MP: 2/2
   320 | D:1      | HP: 1/25 [kobold/+3 whip (3)]
   888 | D:1      | Reached XP level 3. HP: 31/31 MP: 3/3
  1076 | D:1      | Found a faded altar of an unknown god.
  1668 | D:2      | Reached ** piety under Trog
  2093 | D:2      | Reached skill level 4 in Long Blades
  2338 | D:3      | Reached XP level 4. HP: 19/37 MP: 4/4
  2616 | D:3      | Noticed a black bear
  2633 | D:3      | Killed a black bear
  2634 | D:3      | Reached skill level 5 in Long Blades
  2634 | D:3      | Reached XP level 5. HP: 44/44 MP: 5/5
  2968 | D:3      | Found a sparkling altar of Nemelex Xobeh.
  3398 | D:4      | Reached XP level 6. HP: 42/51 MP: 6/6
  3466 | D:4      | Found a hazy altar of Hepliaklqana.
  3467 | D:4      | Found a shadowy altar of Dithmenos.
  3469 | D:4      | Noticed a shadow
  3724 | D:4      | Reached *** piety under Trog
  4082 | D:5      | Entered Level 5 of the Dungeon
  4162 | D:5      | HP: 2/76 [scorpion (5)]
  4163 | D:5      | Succumbed to a scorpion's poison

Illustrated notes

Levels and vault maps discovered:
D:1:      roderic_crop_circles_arrival_small, layout_loops_cross,
          ebering_ecumenical_altar_webs, minmay_quantized
D:2:      layout_rooms
D:3:      layout_rooms, nemelex_dance_club_becter, grunt_ministairs_12
D:4:      layout_loops_ring, riverfiend_overflow_shadow_ancestor
D:5:      layout_basic, minmay_misc_feat_more_columns, uniq_prince_ribbit1

Skill      XL: |  1  2  3  4 |
---------------+-------------+-----
Long Blades    | 4 5 |  5.9
Armour         | 2 |  2.7
Fighting       | |  3.8
Dodging        | |  1.8
Stealth        | |  0.9

Action                   |  1- 3 |  4- 6 || total
-------------------------+-------+-------++-------
Melee: Falchion          |   138 |    38 ||   176
       Tailslap          |     9 |    13 ||    22
       Punch             |     1 |       ||     1
       Long sword        |       |    80 ||    80
Invok: Berserk           |     1 |     3 ||     4
 Abil: Rolling Charge    |    33 |    19 ||    52
  Use: Scroll            |     6 |     7 ||    13
       Potion            |     1 |     1 ||     2
Armor: Animal skin       |    24 |       ||    24
       Chain mail        |    32 |    73 ||   105
Dodge: Dodged            |    48 |    38 ||    86
